 Dungeon Crawl Stone Soup version 0.29.1-2-gbd0b4ee654 (webtiles) character file.

Game seed: 17244893286959134879

125 zermelo the Chopper (level 4, -1/39 HPs)
             Began as a Minotaur Berserker on Nov 13, 2022.
             Was a Believer of Trog.
             Succumbed to a water moccasin's poison
             ... on level 4 of the Dungeon.
             The game lasted 00:10:53 (2375 turns).

zermelo the Chopper (Minotaur Berserker)            Turns: 2375, Time: 00:10:54

Health: -1/39      AC:  6    Str: 23    XL:     4   Next: 82%
Magic:  3/3        EV: 10    Int:  4    God:    Trog [**....]
Gold:   181        SH:  3    Dex: 10    Spells: 3/3 levels left

rFire   . . .      SeeInvis .   a - +0 hand axe
rCold   . . .      Faith    .   h - +0 buckler
rNeg    . . .      Spirit   .   c - +1 ring mail
rPois   .          Reflect  .   (helmet restricted)
rElec   .          Harm     .   (no cloak)
rCorr   .          Rampage  .   (no gloves)
Will    .....                   (no boots)
Stlth   ..........              (no amulet)
HPRegen 0.13/turn               (no ring)
MPRegen 0.08/turn               (no ring)

@: lethally poisoned (-1 -> -25)
A: horns 2, retaliatory headbutt
a: Renounce Religion, Berserk, Trog's Hand


You were on level 4 of the Dungeon.
You worshipped Trog.
Trog was pleased with you.
You visited 1 branch of the dungeon, and saw 4 of its levels.

You collected 181 gold pieces.

Inventory:

Hand Weapons
 a - a +0 hand axe (weapon)
Missiles
 d - 16 stones (quivered)
 o - 3 boomerangs
Armour
 b - a +0 animal skin
 c - a +1 ring mail (worn)
 h - a +0 buckler (worn)
Jewellery
 f - a +4 ring of evasion
 k - a ring of positive energy
Scrolls
 i - 2 scrolls of teleportation
 j - 2 scrolls of blinking
 m - a scroll of identify {unknown}
 n - a scroll of brand weapon {unknown}
 r - a scroll of enchant armour
Potions
 e - 2 potions of curing {unknown}
 g - a potion of brilliance {unknown}
 l - 2 potions of mutation {unknown}
 p - a potion of heal wounds {unknown}
 q - a potion of ambrosia {unknown}
 s - a potion of degeneration {unknown}


   Skills:
 - Level 3.6 Fighting
 + Level 6.8 Axes
 - Level 2.4 Armour
 - Level 2.1 Dodging


You had 3 spell levels left.
You didn't know any spells.
Your spell library was empty.

Dungeon Overview and Level Annotations

Branches:
Dungeon (4/15)
 Temple: D:4-7

Altars:
Ashenzari
Dithmenos
Fedhas
Hepliaklqana
Trog
Yredelemnul
The Shining One

Annotations:
D:3 2 transporters, silentkaos13's ghost, weakling DsFi


Innate Abilities, Weirdness & Mutations

You have a pair of horns on your head.
You reflexively headbutt those who attack you in melee.


Message History

You hit the water moccasin.
The water moccasin is moderately wounded.
You feel very sick. The water moccasin bites you.
You are lethally poisoned!
The water moccasin poisons you!
The water moccasin bites you but does no damage.
You closely miss the water moccasin. You headbutt the water moccasin.
The water moccasin is moderately wounded.
You feel very sick.
The water moccasin bites you but does no damage.
You slash the water moccasin!
The water moccasin is severely wounded.
You feel very sick. The water moccasin barely misses you.
The water moccasin bites you but does no damage.
You closely miss the water moccasin.
The water moccasin is severely wounded.
You feel very sick. The water moccasin bites you.
* * * LOW HITPOINT WARNING * * *
You barely miss the water moccasin.
Your headbutt misses the water moccasin.
The water moccasin is severely wounded.
* * * LOW HITPOINT WARNING * * *
You feel sick. The water moccasin barely misses you.
You hit the water moccasin.
The water moccasin is almost dead.
* * * LOW HITPOINT WARNING * * *
You feel sick. The water moccasin closely misses you.
You hit the water moccasin.
The water moccasin is almost dead.
* * * LOW HITPOINT WARNING * * *
You feel sick. The water moccasin bites you.
* * * LOW HITPOINT WARNING * * *
You are more poisoned.
The water moccasin poisons you! The water moccasin barely misses you.
You completely miss the water moccasin.
The water moccasin is almost dead.
You die...

#.###.# #..#.#
#..# #. #..
.....# #..# .
...
.########..#
## ....
#........# ###
# #.#####.##
#.#.##.#####.#
#............#
###.##.#######
#@# #S# ..#
.### #. #


You could see a water moccasin.

Vanquished Creatures
  A hound (D:4)
  A gnoll (D:1)
  An adder (D:3)
  2 ufetubi (D:4)
  3 worms (D:3)
  3 dart slugs
  5 endoplasms
  3 giant cockroaches
  7 goblins
  3 hobgoblins
  6 jackals
  4 kobolds
  A quokka (D:1)
  2 ball pythons (D:3)
  2 bats
  A rat (D:2)
45 creatures vanquished.

Notes
Turn   | Place    | Note
-------+----------+-------------------------------------------
     0 | D:1      | zermelo the Minotaur Berserker began the quest for the Orb.
     0 | D:1      | Reached XP level 1. HP: 19/19 MP: 0/0
   139 | D:1      | Reached skill level 4 in Axes
   255 | D:1      | Found a faded altar of an unknown god.
   462 | D:1      | Reached XP level 2. HP: 24/26 MP: 1/1
   636 | D:1      | Reached skill level 5 in Axes
   815 | D:1      | Reached XP level 3. HP: 30/31 MP: 2/2
   981 | D:2      | Found a broken altar of Ashenzari.
  1473 | D:3      | Found a hazy altar of Hepliaklqana.
  1473 | D:3      | Found a basalt altar of Yredelemnul.
  1474 | D:3      | Found a blossoming altar of Fedhas.
  1516 | D:3      | Found a bloodstained altar of Trog.
  1519 | D:3      | Found a shadowy altar of Dithmenos.
  1529 | D:3      | Reached ** piety under Trog
  1651 | D:3      | Found a glowing golden altar of the Shining One.
  1667 | D:3      | Reached XP level 4. HP: 35/39 MP: 3/3
  1669 | D:3      | Reached skill level 6 in Axes
  1695 | D:3      | Found a transporter.
  1696 | D:3      | Noticed silentkaos13's ghost (weakling DsFi)
  1697 | D:3      | Found a transporter.
  1699 | D:3      | Noticed an ogre
  1930 | D:3      | Identified the +5 giant club "Xazoiza" {drain, Int+4}
  1930 | D:3      | Noticed an ogre
  2366 | D:4      | Noticed a water moccasin
  2375 | D:4      | Succumbed to a water moccasin's poison

Illustrated notes

Levels and vault maps discovered:
D:1:      ncdulo_watergridlock, layout_loops_cross,
          shapermc_ecumenical_altar_flowoftime
D:2:      layout_rooms, basic_altar, amethyst_killhole
D:3:      layout_rooms, lemuel_doored_altar, grunt_temple_overflow_open,
          gammafunk_ghost_smash
D:4:      layout_loops_ring, serial_shops, nicolae_inconvenience_store

Skill      XL: |  1  2  3  4 |
---------------+-------------+-----
Axes           | 4 5 6 |  6.8
Fighting       | |  3.6
Armour         | |  2.4
Dodging        | |  2.1

Action                   |  1- 3 |  4- 6 || total
-------------------------+-------+-------++-------
Melee: Hand axe          |    88 |    39 ||   127
       Headbutt          |    13 |     6 ||    19
       Punch             |     2 |       ||     2
  Use: Scroll            |     4 |       ||     4
Armor: Ring mail         |    25 |    20 ||    45
       Animal skin       |     1 |       ||     1
Dodge: Dodged            |    44 |    20 ||    64
Block: Buckler           |     9 |       ||     9
